Map: Moondance

Players

DankCraft - Winner!

  • Race: Zerg Zerg
  • League: Diamond
  • Spawn Location: 12:00

PROtoss

  • Race: Protoss Protoss
  • League: Diamond
  • Spawn Location: 6:00

VOD

Have the link to the VOD?

Description

Time

  • Played on: Nov. 30, 2022, 3:09 p.m.
  • Length: 7:01
Show
View Real Time Build Order
Export as new Build Order

DankCraft Zerg - Winner!

Build Orders: Pool First 

Get SALT Encoding   

  12  0:02  Drone  
  13  0:12  Drone  
  14  0:18  Overlord  
  14  0:37  Spawning Pool  
  14  0:40  Extractor  
  12  0:47  Drone x3  
  15  1:04  Drone  
  16  1:08  Drone  
  17  1:30  Hatchery  
  16  1:36  Drone  
  17  1:44  Metabolic Boost  
  17  2:08  Hatchery  
  16  2:13  Overlord  
  16  2:21  Overlord  
  16  2:38  Overlord  
  16  2:42  Queen  
  18  2:44  Zergling x2  
  19  2:53  Zergling x2  
  20  3:04  Spine Crawler  
  20  3:05  Zergling x2  
  20  3:17  Zergling x2  
  21  3:26  Spine Crawler  
  20  3:30  Overlord  
  20  3:32  Drone  
  20  3:33  Zergling x2  
  22  3:38  Zergling x2  
  23  3:43  Spine Crawler  
  23  3:45  Drone x2  
  23  3:47  Zergling x2  
  25  3:51  Zergling x6  
  28  3:58  Drone, Spine Crawler  
  28  4:01  Zergling x2  
  29  4:18  Zergling x2  
  25  4:43  Zergling x2  
  25  4:44  Zergling x6  
  23  5:08  Zergling x4  
  25  5:20  Zergling x2  
  24  5:26  Zergling x2  
  21  5:39  Zergling x2  
  22  5:51  Zergling x6  
  25  6:11  Zergling x4  
  27  6:33  Zergling x6  
Show
View Real Time Build Order
Export as new Build Order

PROtoss Protoss 

Build Orders:  

Get SALT Encoding   

  12  0:00  Probe (Chrono Boost)  
  13  0:11  Probe (Chrono Boost)  
  14  0:19  Pylon  
  14  0:20  Probe  
  15  0:37  Probe  
  15  0:38  Gateway  
  16  0:45  Assimilator  
  17  0:50  Probe  
  17  1:00  Gateway  
  17  1:03  Probe (Chrono Boost)  
  18  1:11  Assimilator  
  18  1:14  Probe (Chrono Boost)  
  19  1:20  Probe  
  20  1:26  Zealot  
  20  1:31  Pylon  
  22  1:47  Cybernetics Core  
  22  1:49  Zealot  
  24  1:56  Probe  
  25  2:08  Probe  
  26  2:17  Warp Gate (Chrono Boost)  
  26  2:20  Probe  
  27  2:24  Adept x2  
  27  2:27  Shield Battery  
  31  2:33  Shield Battery  
  31  2:42  Pylon  
  31  2:53  Forge  
  31  3:00  Adept, Probe  
  33  3:07  Adept  
  33  3:12  Probe  
  36  3:24  Probe  
  36  3:27  Twilight Council  
  37  3:36  Probe  
  38  3:48  Probe  
  39  3:56  Nexus  
  39  3:58  Protoss Ground Weapons Level 1  
  38  4:20  Adept x2  
  28  4:44  Probe  
  22  4:56  Probe  
  22  5:05  Sentry  
  24  5:26  Adept  
  22  5:31  Probe  
  18  6:00  Probe x2  
  18  6:12  Probe  
  17  6:18  Probe  
  17  6:24  Probe  
Tags
 
Matchup
PvZ
Opening
Pool First
Spawn Locations
Cross Positions
Add a new tag
Caveats
  • Supply blocks, unpowered buildings, or Contaminate may cause inaccurate times.
  • Supply counts are checked every 10 seconds.